 Dungeon Crawl Stone Soup version 0.27-a0-972-gd1521fd518 (webtiles) character file.

Game seed: 1084696835769288894

28 tardwrangler69 the Digger (level 2, -2/20 HPs)
             Began as a Draconian Earth Elementalist on Apr 13, 2021.
             Slain by a goblin
             ... wielding a +0 dagger
             ... led by Robin
              (4 damage)
             ... on level 2 of the Dungeon.
             The game lasted 00:01:06 (1822 turns).

tardwrangler69 the Digger (DrEE)                    Turns: 1822, Time: 00:01:07

Health: -2/20      AC:  4    Str: 10    XL:     2   Next: 96%
Magic:  2/5        EV: 12    Int: 15    God:
Gold:   34         SH:  0    Dex: 11    Spells: 4/5 levels left

rFire    . . .     SeeInvis .   a - +0 whip
rCold    . . .     Faith    .   (no shield)
rNeg     . . .     Spirit   .   (armour unavailable)
rPois    .         Reflect  .   (helmet restricted)
rElec    .         Harm     .   (no cloak)
rCorr    .         Rampage  .   (no gloves)
Will     .....                  (no boots)
Stlth    ++........             (no amulet)
HPRegen  0.06/turn              (no ring)
MPRegen  0.09/turn              (no ring)

@: no status effects
A: AC +4, unfitting armour, cold-blooded
a: no special abilities


You were on level 2 of the Dungeon.
You visited 1 branch of the dungeon, and saw 2 of its levels.

You collected 34 gold pieces.

Inventory:

Hand Weapons
 a - a +0 whip (weapon)
Missiles
 b - 55 stones
Scrolls
 d - a scroll of magic mapping {unknown}
 f - 2 scrolls of fear {unknown}
Potions
 c - a potion of curing {unknown}
 e - a potion of heal wounds {unknown}


   Skills:
 - Level 1.7 Dodging
 - Level 1.7 Stealth
 + Level 2.4 Spellcasting
 - Level 1.0 Transmutations
 * Level 3.8 Earth Magic


You had 4 spell levels left.
You knew the following spells:

 Your Spells              Type           Power      Damage    Failure   Level
a - Sandblast             Erth           26%        2d8       4%          1

Your spell library contained the following spells:

 Spells                   Type           Power      Damage    Failure   Level
 Passwall                 Tmut/Erth      7%         N/A       12%         2
 Stone Arrow              Conj/Erth      14%        3d7       28%         3
 Petrify                  Tmut/Erth      9%         N/A       61%         4
 Lee's Rapid Deconstruct  Erth           6%         3d7*      77%         5


Dungeon Overview and Level Annotations

Branches:
Dungeon (2/15)

Altars:

Annotations:
D:2 Robin


Innate Abilities, Weirdness & Mutations

Your plain brown scales are hard. (AC +4)
You cannot fit into any form of body armour.
You are cold-blooded and may be slowed by cold attacks.


Message History

Robin says, "Kneel, worm!"
The goblin shoots a stone.
The stone hits you but does no damage. Robin throws the goblin at you!
You barely miss the goblin.
You tail-slap the goblin, but do no damage.
The goblin unwields a +0 hunting sling.
The goblin wields a +0 club.
The goblin misses you.
A hobgoblin comes into view.
The hobgoblin shouts!
You hit the goblin.
The goblin is heavily wounded.
You hear a shout!
Robin throws the goblin at you! The goblin closely misses you.
The goblin unwields a +0 hunting sling.
The goblin wields a +0 club.
The goblin hits you with a +0 club.
You hit the goblin.
You kill the goblin!
Robin roars a battlecry!
The goblins go into a battle-frenzy!
The goblin hits you with a +0 club.
Things that are here:
a +0 club; a +0 hunting sling; 21 stones A goblin comes into view.
It is wielding a +0 dagger.
The goblin unwields a +0 club.
The goblin wields a +0 hunting sling.
The goblin shoots a stone.
The stone hits you but does no damage. Robin throws the goblin at you!
You hit the goblin.
The goblin is moderately wounded.
The goblin unwields a +0 hunting sling.
The goblin wields a +0 club.
The goblin barely misses you. Robin throws the goblin at you!
The goblin barely misses you.
You barely miss the goblin.
The goblin is moderately wounded.
The goblin hits you with a +0 club. The goblin hits you with a +0 dagger.
You closely miss the goblin.
The goblin is moderately wounded.
The goblin hits you with a +0 club.
* * * LOW HITPOINT WARNING * * *
The goblin hits you with a +0 dagger.
You die...

#######.############.#.#
........................
#######.##.#########.#.#
#.##.# #.#†# #.##.#
#.#.# #.##.# #.#.#
#.##.# #.#.# #g##.#
#.#.. #@##.# #.###
############## #g##.#
.....gggg...g###g#
....gg)#####g..#g#
.......# ###...#.##+####
.......# #.....#g......#
######## #.....#.......#
#....)).......#
###....†.†....+


You could see Robin, a hobgoblin (strong) and 3 goblins.

Vanquished Creatures
  A dart slug (D:1)
  An endoplasm (D:2)
  2 giant cockroaches (D:1)
  7 goblins
  3 hobgoblins
  2 ball pythons
  3 bats
  A kobold (D:2)
  3 rats (D:1)
23 creatures vanquished.

Notes
Turn   | Place    | Note
-------+----------+-------------------------------------------
     0 | D:1      | tardwrangler69 the Draconian Earth Elementalist began the
                  | quest for the Orb.
     0 | D:1      | Reached XP level 1. HP: 14/14 MP: 3/3
   735 | D:1      | Reached XP level 2. HP: 13/20 MP: 3/5
  1779 | D:2      | Noticed Robin
  1822 | D:2      | Slain by a goblin

Illustrated notes

Levels and vault maps discovered:
D:1:      amcnicky_arrival_wind_blow, layout_basic
D:2:      layout_basic, minmay_fractal_squares_gapless_5, uniq_robin

Action                   || total
-------------------------++-------
Melee: Unarmed           ||    84
       Tailslap          ||     8
       Whip              ||    16
 Cast: Sandblast         ||    11
 Stab: Sleeping          ||     3
Armor: Skin              ||    35
Dodge: Dodged            ||    88

Table legend: (Time is in decaauts)
 A = Elapsed time spent in this place.
 B = Non-inter-level travel time spent in this place.
 C = Inter-level travel time spent in this place.
 D = Time resting spent in this place.
 E = Time spent auto-exploring this place.
 F = Levels seen in this place.
 G = Mean time per level.
                   A        B        C        D        E       F      G
               +--------+--------+--------+--------+--------+-----+--------+
         Total |   1822 |   1792 |     30 |      7 |   1555 |   2 |  911.0 |
       Dungeon |   1822 |   1792 |     30 |      7 |   1555 |   2 |  911.0 |
               +--------+--------+--------+--------+--------+-----+--------+

Top non-repeatable levels by time:
     D:1: 1402 daAuts
     D:2: 420 daAuts
